Map: Polka LE

Players

qqq - Winner!

  • Race: Zerg Zerg
  • Spawn Location: 11:00

Massa - Winner!

  • Race: Terran Terran
  • Spawn Location: 11:00

AmmonRa

  • Race: Terran Terran
  • Spawn Location: 5:00

Gasco

  • Race: Protoss Protoss
  • Spawn Location: 5:00

VOD

Have the link to the VOD?

Description

Time

  • Played on: Jan. 26, 2021, 2:52 p.m.
  • Length: 12:32
Show
View Real Time Build Order
Export as new Build Order

qqq Zerg - Winner!

Build Orders: Hatch First, Brood Lord Corruptor 

Get SALT Encoding   

  12  0:00  Drone  
  13  0:08  Drone  
  14  0:18  Overlord  
  14  0:44  Hatchery  
  13  0:56  Drone x3  
  16  1:21  Drone  
  16  1:25  Extractor, Spawning Pool  
  15  1:33  Extractor  
  15  1:35  Drone x2  
  16  1:41  Drone  
  18  2:05  Drone  
  18  2:06  Drone  
  18  2:07  Drone x2  
  22  2:17  Queen  
  22  2:18  Queen  
  22  2:19  Drone  
  27  2:24  Overlord  
  27  2:29  Extractor, Drone  
  27  2:32  Drone  
  28  2:37  Overlord  
  26  2:53  Drone x2  
  26  2:55  Drone x2  
  30  3:05  Lair  
  30  3:07  Drone  
  30  3:08  Drone  
  32  3:15  Drone  
  33  3:23  Zergling x2  
  34  3:40  Hatchery  
  33  3:45  Drone x5  
  38  3:52  Drone  
  39  3:58  Overlord  
  39  3:59  Drone x3  
  42  4:07  Spire  
  42  4:10  Drone  
  42  4:12  Overlord  
  42  4:15  Drone  
  43  4:17  Drone  
  43  4:18  Drone  
  45  4:24  Drone  
  45  4:26  Infestation Pit  
  45  4:27  Drone  
  45  4:28  Drone  
  46  4:32  Overlord  
  46  4:37  Drone  
  47  4:40  Drone  
  47  4:41  Overlord  
  48  4:47  Extractor x2  
  46  5:04  Hive  
  46  5:05  Drone x4  
  50  5:09  Hatchery  
  50  5:14  Drone  
  50  5:19  Mutalisk x4  
  58  5:30  Mutalisk  
  58  5:32  Drone x2  
  62  5:37  Mutalisk  
  62  5:40  Drone  
  65  5:43  Mutalisk  
  65  5:45  Overlord x3  
  67  5:51  Drone  
  68  5:57  Drone  
  68  5:58  Mutalisk  
  71  6:05  Queen  
  71  6:10  Extractor  
  71  6:11  Extractor  
  69  6:27  Mutalisk x3  
  69  6:28  Zergling x4  
  69  6:29  Zergling x6  
  69  6:30  Hatchery  
  71  6:47  Greater Spire, Corruptor  
  71  6:49  Drone x4  
  71  6:50  Drone x2  
  79  6:58  Mutalisk  
  81  7:03  Drone  
  81  7:05  Drone  
  83  7:14  Drone x4  
  87  7:17  Corruptor  
  87  7:21  Spire  
  88  7:26  Drone x2  
  88  7:27  Hatchery  
  88  7:28  Corruptor  
  88  7:29  Corruptor  
  89  7:33  Hatchery  
  89  7:35  Drone x2  
  92  7:43  Queen  
  92  7:44  Drone x2  
  96  7:46  Extractor, Drone  
  96  7:47  Corruptor  
  96  7:48  Extractor  
  96  7:49  Corruptor  
  99  7:59  Drone x3  
  99  8:01  Zerg Flyer Weapons Level 1  
  99  8:04  Brood Lord  
  104  8:06  Drone x3  
  104  8:11  Brood Lord  
  109  8:14  Drone  
  109  8:15  Drone  
  109  8:16  Drone  
  112  8:24  Metabolic Boost  
  112  8:33  Corruptor x3  
  118  8:54  Corruptor x2  
  118  8:55  Corruptor  
  120  8:56  Drone x4  
  120  8:58  Overlord x6  
  120  8:59  Overlord x2  
  122  9:21  Drone  
  122  9:22  Drone x7  
  130  9:29  Drone  
  131  9:33  Brood Lord x4  
  131  9:36  Zerg Flyer Armor Level 1  
  139  9:42  Hatchery  
  138  9:49  Drone x6  
  144  9:53  Brood Lord x2  
  144  9:56  Brood Lord  
  144  9:58  Overseer  
  150  10:00  Drone x3  
  153  10:08  Brood Lord  
  153  10:12  Corruptor  
  157  10:14  Drone x3  
  157  10:15  Corruptor  
  157  10:20  Drone x2  
  157  10:21  Drone  
  165  10:40  Corruptor x3  
  165  10:41  Corruptor  
  161  10:54  Corruptor x3  
  167  11:02  Drone x5  
  167  11:03  Drone  
  167  11:14  Corruptor x4  
  167  11:17  Drone x5  
  180  11:21  Extractor  
  180  11:22  Extractor x2, Spore Crawler  
  180  11:25  Spine Crawler x2, Spore Crawler  
  174  11:26  Spine Crawler  
  174  11:27  Corruptor x3  
  174  11:28  Drone  
  174  11:29  Drone  
  180  11:43  Overlord x6  
  180  11:53  Overlord x2  
Show
View Real Time Build Order
Export as new Build Order

Massa Terran - Winner!

Build Orders: Hellion Banshee 

Get SALT Encoding   

  12  0:00  SCV  
  13  0:12  SCV  
  14  0:19  Supply Depot  
  14  0:24  SCV  
  15  0:40  SCV  
  15  0:42  Barracks  
  16  0:47  Refinery  
  16  0:53  SCV  
  17  1:05  SCV  
  18  1:17  SCV  
  19  1:33  Orbital Command  
  19  1:36  Barracks Reactor  
  19  1:42  Command Center  
  19  1:59  SCV  
  19  2:01  Supply Depot  
  20  2:12  Marine x2  
  20  2:15  Factory  
  22  2:19  SCV  
  23  2:30  Marine x2  
  23  2:31  SCV  
  26  2:43  SCV, Supply Depot  
  27  2:47  Marine  
  27  2:48  Marine  
  29  3:04  Starport  
  29  3:08  Refinery  
  29  3:09  Orbital Command, SCV  
  30  3:18  Hellion x2  
  34  3:21  SCV  
  34  3:23  Barracks Tech Lab  
  35  3:39  Hellion  
  35  3:40  Hellion  
  37  3:57  SCV x2  
  37  4:01  Hellion x2  
  43  4:09  SCV x2  
  45  4:13  Banshee, Cloaking Field  
  45  4:15  Barracks Tech Lab  
  48  4:21  SCV  
  47  4:47  SCV x2  
  47  4:52  Command Center  
  49  4:59  SCV x2  
  51  5:00  Barracks  
  51  5:01  Banshee, Barracks  
  42  5:43  Banshee  
  45  5:56  Marine x2  
  47  6:02  Engineering Bay  
  47  6:05  Barracks Reactor, Barracks Tech Lab  
  47  6:07  Supply Depot x2  
  47  6:13  Armory  
  47  6:14  Marine x2  
  46  6:31  Marine x2  
  47  6:36  Medivac  
  47  6:37  Siege Tank  
  47  6:38  Marauder  
  49  6:49  Marine x2  
  51  6:59  SCV x3  
  51  7:00  Marauder  
  56  7:02  Refinery  
  56  7:03  Refinery  
  56  7:04  Terran Infantry Weapons Level 1  
  56  7:07  Marine x2  
  58  7:11  SCV x3, Command Center  
  61  7:17  Stimpack  
  61  7:21  Marauder  
  63  7:23  SCV x3  
  64  7:34  Medivac  
  66  7:38  Marine x4  
  66  7:42  SCV x2, Marine  
  73  7:53  Supply Depot  
  73  7:54  SCV x2  
  73  7:55  Marine, Supply Depot x2  
  73  7:56  Marine  
  77  8:01  Barracks  
  77  8:02  Barracks  
  77  8:05  Planetary Fortress  
  77  8:07  SCV x2  
  79  8:15  Sensor Tower  
  79  8:19  SCV x2  
  81  8:23  Missile Turret  
  81  8:26  Siege Tank  
  84  8:31  SCV  
  85  8:38  Marauder, Marine x3  
  85  8:39  Marine  
  91  8:53  SCV x4  
  95  8:56  Marine x3  
  95  8:57  Combat Shield  
  95  9:00  Marauder  
  100  9:05  SCV x4  
  98  9:17  SCV  
  98  9:21  Marauder  
  98  9:24  Refinery  
  101  9:26  Refinery  
  101  9:29  SCV x3  
  106  9:41  SCV x3  
  107  9:45  Factory, Siege Tank  
  107  9:47  Marine x4  
  107  9:48  Starport Reactor, Marauder, Marine  
  107  9:51  Barracks Reactor  
  117  9:53  Barracks Tech Lab, SCV  
  118  10:09  Marine x4  
  118  10:10  Marauder  
  118  10:14  Terran Vehicle Weapons Level 1  
  124  10:19  Engineering Bay  
  124  10:25  Supply Depot  
  124  10:27  Marine x3, Supply Depot x2  
  124  10:28  Siege Tank, Supply Depot  
  130  10:29  Supply Depot  
  130  10:31  Marauder  
  127  10:50  Supply Depot  
  127  10:52  Marauder  
  127  10:53  Supply Depot x2  
  129  11:04  Marauder  
  129  11:05  Barracks Tech Lab, Marine x3  
  129  11:06  Marine  
  129  11:07  Siege Tank x2  
  129  11:08  Medivac x2  
  145  11:14  Marauder  
  147  11:23  Marine x2  
  149  11:26  Marauder  
  149  11:28  Planetary Fortress  
  151  11:33  SCV x3, Missile Turret  
  151  11:34  Missile Turret  
  151  11:35  Marauder  
  151  11:36  Missile Turret  
  151  11:38  Medivac x2, Missile Turret  
  151  11:39  Siege Tank x2  
  166  11:44  Command Center  
  166  11:45  SCV x3  
  165  11:47  Marauder  
  165  11:51  Marauder, Marine  
  165  11:52  Marine x2  
  170  11:56  Marauder  
  169  12:08  Marauder  
Show
View Real Time Build Order
Export as new Build Order

AmmonRa Terran 

Build Orders: Reaper Expand 

Get SALT Encoding   

  12  0:00  SCV  
  13  0:12  SCV  
  14  0:19  Supply Depot  
  14  0:24  SCV  
  15  0:41  SCV  
  15  0:42  Barracks  
  16  0:46  Refinery  
  16  0:53  SCV  
  17  1:05  SCV  
  18  1:17  SCV, Supply Depot  
  19  1:33  Orbital Command  
  19  1:36  Reaper  
  20  1:51  Command Center  
  20  2:03  Barracks  
  20  2:06  SCV  
  21  2:08  Barracks Reactor  
  21  2:14  Refinery  
  21  2:18  SCV  
  22  2:30  SCV  
  24  2:44  SCV  
  24  2:55  Barracks Tech Lab, Marine x2  
  26  3:02  Factory  
  26  3:03  SCV  
  26  3:04  Orbital Command  
  27  3:13  Marine x2  
  27  3:14  Marine  
  27  3:15  Stimpack  
  30  3:21  Orbital Command  
  30  3:22  SCV  
  31  3:31  Marine  
  31  3:34  Marine x2  
  33  3:35  SCV  
  35  3:47  SCV  
  36  3:49  Marine  
  36  3:51  Marine  
  36  3:53  Marine  
  39  4:01  Factory Reactor  
  38  4:06  Starport  
  38  4:07  Marine  
  38  4:09  Marine  
  40  4:11  Marine  
  41  4:19  Bunker  
  41  4:25  Marine  
  41  4:26  SCV x2  
  41  4:27  Marine  
  41  4:29  Marine  
  46  4:46  Supply Depot  
  46  4:49  Factory Tech Lab  
  46  4:53  Marine x3, Medivac x2  
  46  4:55  Combat Shield  
  46  4:59  SCV, Command Center  
  54  5:05  Supply Depot  
  54  5:06  Supply Depot  
  54  5:07  SCV  
  54  5:11  Engineering Bay, Marine x2  
  54  5:12  Marine  
  55  5:29  Marine x2  
  55  5:31  Marine  
  55  5:35  SCV x2  
  60  5:46  Marine  
  60  5:47  Marauder, Supply Depot  
  63  5:53  Missile Turret  
  63  5:55  Missile Turret  
  63  6:04  SCV x2  
  63  6:06  Refinery  
  63  6:07  Medivac x2  
  63  6:08  Siege Tank  
  72  6:13  Marauder, Marine  
  63  6:33  Marine x2  
  63  6:34  Marine  
  63  6:43  Medivac x2  
  63  6:44  Siege Tank  
  63  6:46  Orbital Command  
  65  6:47  SCV  
  65  6:48  SCV  
  65  6:51  Marine x2  
  65  6:52  Marine  
  65  6:53  Concussive Shells  
  70  6:59  Refinery, SCV  
  71  7:02  Supply Depot  
  71  7:03  Terran Infantry Weapons Level 1  
  71  7:09  Barracks, Marine x2  
  71  7:13  Barracks  
  73  7:22  Barracks  
  73  7:32  Marine x3  
  73  7:37  Orbital Command  
  74  7:48  Siege Tank  
  74  7:50  Marine x2  
  79  8:07  SCV x3  
  82  8:23  Engineering Bay  
  82  8:24  Medivac  
  82  8:25  Barracks Reactor  
  82  8:26  Barracks Reactor x2, Armory, Marine x3  
  87  8:37  SCV  
  87  8:38  SCV x2  
  89  8:41  Missile Turret  
  89  8:42  Missile Turret  
  89  8:44  Marine x3  
  86  8:59  Terran Infantry Armor Level 1  
  86  9:01  Marine  
  86  9:02  Marine x2  
  79  9:19  Marine x3  
  72  9:29  Terran Vehicle Weapons Level 1  
  72  9:30  Terran Infantry Weapons Level 2  
  72  9:31  Marine x5  
  72  9:34  Barracks  
  72  9:35  Barracks  
  72  9:37  SCV  
  72  9:38  SCV x2  
  80  9:40  Barracks  
  80  9:45  Medivac x2  
  84  9:46  Marine x2  
  86  10:06  Marine  
  86  10:07  Marauder, Marine x5  
  94  10:19  Barracks x2  
  94  10:20  Barracks  
  94  10:23  SCV x2  
  98  10:28  Marauder  
  98  10:29  Marine  
  98  10:30  Marine x2  
  98  10:31  Refinery  
  98  10:33  Barracks Reactor  
  98  10:34  Barracks Tech Lab x2  
  94  10:49  Marauder  
  74  10:51  Marine  
  74  10:52  Medivac x2  
  74  10:53  Siege Tank  
  74  10:55  SCV x2  
  77  10:59  Marine x3  
  77  11:01  Refinery  
  78  11:08  Factory  
  78  11:09  SCV x3  
  78  11:11  Marauder  
  79  11:22  Medivac  
  79  11:23  Medivac  
  79  11:25  Siege Tank  
  86  11:26  Barracks Reactor, Barracks Tech Lab x2  
  86  11:32  Marauder  
  88  11:34  Starport  
  86  11:53  Marauder x2, Marine x3  
  86  11:54  Marauder x2  
  97  11:57  Viking x2  
  101  12:03  Starport  
Show
View Real Time Build Order
Export as new Build Order

Gasco Protoss 

Build Orders: 1 Gate Expand, Blink Stalkers 

Get SALT Encoding   

  12  0:00  Probe  
  13  0:12  Probe  
  14  0:22  Pylon  
  14  0:24  Probe  
  15  0:40  Probe  
  16  0:45  Gateway  
  16  0:52  Probe  
  17  1:00  Assimilator  
  18  1:04  Probe  
  18  1:17  Probe  
  19  1:29  Probe  
  20  1:33  Cybernetics Core  
  20  1:40  Nexus  
  20  1:58  Assimilator  
  20  2:02  Probe  
  20  2:04  Pylon  
  21  2:11  Warp Gate, Adept  
  23  2:22  Probe  
  24  2:34  Probe  
  25  2:43  Adept  
  27  2:52  Robotics Facility  
  27  2:59  Probe x2  
  27  3:00  Twilight Council  
  29  3:06  Pylon  
  29  3:11  Forge  
  29  3:14  Probe  
  29  3:15  Probe  
  29  3:18  Adept  
  33  3:26  Probe  
  33  3:27  Probe  
  35  3:36  Blink (Chrono Boost)  
  35  3:39  Probe x2  
  35  3:40  Observer  
  38  3:51  Probe x2  
  40  3:56  Shield Battery  
  40  4:03  Probe x2 (Chrono Boost), Protoss Ground Weapons Level 1  
  40  4:09  Gateway  
  42  4:10  Pylon  
  42  4:15  Probe (Chrono Boost)  
  44  4:21  Probe (Chrono Boost)  
  44  4:28  Probe (Chrono Boost)  
  44  4:29  Probe  
  46  4:35  Gateway x2  
  46  4:45  Adept  
  48  4:48  Probe x2  
  48  4:49  Immortal  
  54  4:59  Assimilator  
  54  5:00  Probe x2  
  54  5:02  Assimilator  
  54  5:05  Pylon  
  56  5:12  Adept  
  56  5:13  Adept  
  54  5:36  Stalker x4  
  54  5:39  Observer  
  63  5:59  Stalker  
  63  6:00  Stalker x2  
  67  6:19  Protoss Ground Armor Level 1 (Chrono Boost)  
  67  6:26  Photon Cannon  
  67  6:30  Photon Cannon  
  67  6:43  Probe x2  
  67  6:44  Stargate  
  69  6:55  Probe  
  69  6:58  Pylon, Nexus  
  69  6:59  Pylon x2  
  69  7:00  Pylon  
  70  7:02  Pylon  
  70  7:14  Stargate  
  70  7:17  Immortal  
  70  7:18  Stalker x2  
  70  7:19  Stalker x2  
  82  7:28  Photon Cannon  
  82  7:31  Photon Cannon  
  82  7:35  Photon Cannon, Phoenix (Chrono Boost)  
  84  7:41  Charge  
  84  7:56  Zealot x4  
  84  7:57  Phoenix (Chrono Boost)  
  94  8:04  Phoenix (Chrono Boost)  
  96  8:15  Phoenix  
  98  8:25  Probe x3  
  98  8:26  Phoenix  
  103  8:28  Assimilator  
  103  8:34  Assimilator  
  103  8:36  Protoss Ground Weapons Level 2  
  103  8:40  Phoenix  
  105  8:41  Probe  
  105  8:42  Probe x2  
  108  8:56  Phoenix  
  108  9:00  Probe x3  
  113  9:21  Robotics Bay  
  113  9:23  Robotics Facility  
  113  9:27  Probe x3  
  116  9:38  Fleet Beacon  
  116  9:42  Zealot x3  
  116  9:43  Zealot  
  124  9:47  Probe  
  125  10:42  Probe x3  
  124  10:43  Tempest  
  124  10:48  Tempest  
  119  10:54  Probe  
  106  11:01  Zealot x4  
  104  11:13  Gateway  
  102  11:20  Gateway  
  102  11:21  Gateway  
  102  11:24  Templar Archives, Gateway  
  102  11:32  Tempest x2  
  112  11:35  Stalker x3  
  112  11:36  Stalker  
  120  11:54  Pylon, Nexus  
  120  11:55  Pylon  
  120  12:01  Stalker x3  
  90  12:23  Stalker x2  
  90  12:24  Stalker x3  
  90  12:25  Stalker x3  
Tags
 
Add a new tag
Caveats
  • Supply blocks, unpowered buildings, or Contaminate may cause inaccurate times.
  • Supply counts are checked every 10 seconds.